 Dungeon Crawl Stone Soup version 0.23.2 (webtiles) character file.

Game seed: 12431003302161112169

46006 Borgoz the Nimble (level 14, -2/119 HPs)
             Began as a Ghoul Gladiator on Apr 4, 2019.
             Was an Elder of Ashenzari.
             Splashed by an oklob plant's acid (7 damage)
             ... on level 5 of the Lair of Beasts.
             The game lasted 00:46:16 (21403 turns).

Borgoz the Nimble (Ghoul Gladiator)                Turns: 21403, Time: 00:46:16

Health: -2/119     AC:  9    Str: 25    XL:     14   Next: 35%
Magic:  16/16      EV: 14    Int:  5    God:    Ashenzari [****..]
Gold:   433        SH:  0    Dex: 12    Spells: 9/15 levels left

rFire    + + .     SeeInvis +   a - +8 dagger (elec)
rCold    + + .     Gourm    .   (no shield)
rNeg     + + +     Faith    .   C - +3 chain mail {rF+}
rPois    ∞         Spirit   .   c - +1 helmet
rElec    .         Reflect  .   g - scarf {rC+ rF+}
rCorr    .         Harm     .   (no gloves)
MR       +....     Clarity  +   (no boots)
Stlth    +.........             k - amulet of magic regeneration
HPRegen  0.00/turn              p - ring of wizardry
MPRegen  0.40/turn              M - +6 ring of strength

@: frozen, corroded, rotting, studying Ice Magic, very slow
A: rotting body, claws 1, carnivore, cold resistance 1, negative energy
resistance 3, inhibited regeneration, torment resistance, unbreathing
a: Curse Item, Scrying, Renounce Religion


You were on level 5 of the Lair of Beasts.
You worshipped Ashenzari.
Ashenzari was greatly pleased with you.
You were not hungry.

You visited 3 branches of the dungeon, and saw 17 of its levels.
You also visited: Sewer, Ice Cave and Volcano.

You collected 1263 gold pieces.
You spent 830 gold pieces at shops.

Inventory:

Hand Weapons
 a - a +8 dagger of electrocution (weapon)
 e - a +2 dagger of distortion
 j - a +0 rapier
 n - a +4 rapier of flaming
 D - a +1 fustibalus of flaming
Missiles
 J - 4 javelins
 R - 2 throwing nets (quivered)
Armour
 c - a +1 helmet (worn)
 g - a scarf of resistance (worn)
 z - a +2 ring mail of fire resistance
 B - +0 fire dragon scales
 C - a +3 chain mail of fire resistance (worn)
 N - a +0 cloak of cold resistance
Jewellery
 d - an uncursed ring of magical power
 k - an amulet of magic regeneration (around neck)
 p - a ring of wizardry (left claw)
 M - a +6 ring of strength (right claw)
Wands
 o - a wand of random effects (76)
 s - a wand of polymorph (16)
 t - a wand of iceblast (28)
 w - a wand of disintegration (10)
 I - a wand of digging (6)
Scrolls
 b - a scroll of torment
 i - a scroll of blinking
 l - 3 scrolls of magic mapping
 q - 3 scrolls of enchant armour
 r - 2 scrolls of fear
 v - 7 scrolls of teleportation
 y - 2 scrolls of fog
 F - a scroll of summoning
 K - 13 scrolls of identify
 L - 6 scrolls of remove curse
 Q - a scroll of silence {unknown}
Potions
 m - 3 potions of resistance
 x - 2 potions of brilliance
 A - 3 potions of cancellation
 G - a potion of curing
 O - a potion of might
Books
 u - a manual of Ice Magic
 H - a manual of Ice Magic
Miscellaneous
 h - a lamp of fire
 E - a lamp of fire
Comestibles
 f - 30 rations
 P - 28 chunks of flesh


   Skills:
 + Level 9.7 Fighting
 * Level 11.1 Short Blades
   Level 1.6 Axes
 - Level 1.7 Throwing
 * Level 11.0 Armour
 * Level 11.4 Dodging
 + Level 10.1 Stealth
 + Level 1.1 Spellcasting
 + Level 1.0 Hexes
 - Level 5.0 Evocations


You had 9 spell levels left.
You knew the following spells:

 Your Spells              Type           Power        Failure   Level  Hunger
a - Invisibility          Hex            #.......     100%        6    #######

Your spell library contained the following spells:

 Spells                   Type           Power        Failure   Level  Hunger
 Magic Dart               Conj           #...         63%         1    ##.....
 Sting                    Conj/Pois      #...         63%         1    ##.....
 Summon Small Mammal      Summ           #...         63%         1    ##.....
 Call Imp                 Summ           #.......     77%         2    ###....
 Passwall                 Tmut/Erth      #.......     77%         2    ###....
 Poisonous Vapours        Pois/Air       #.....       77%         2    ###....
 Searing Ray              Conj           #.....       77%         2    ###....
 Swiftness                Chrm/Air       #.......     77%         2    ###....
 Dazzling Spray           Conj/Hex       #.....       89%         3    ####...
 Summon Guardian Golem    Hex/Summ       #.......     89%         3    ####...
 Call Canine Familiar     Summ           #.......     92%         3    ####...
 Mephitic Cloud           Conj/Pois/Air  #.......     92%         3    ####...
 Fulminant Prism          Conj/Hex       #.........   99%         4    #####..
 Force Lance              Conj/Tloc      #.......     100%        4    #####..
 Iskenderun's Mystic Bla  Conj           #.......     100%        4    #####..
 Olgreb's Toxic Radiance  Pois           #.......     100%        4    #####..
 Passage of Golubria      Tloc           N/A          100%        4    #####..
 Summon Ice Beast         Ice/Summ       #.......     100%        4    #####..
 Summon Lightning Spire   Summ/Air       #.......     100%        4    #####..
 Lee's Rapid Deconstruct  Erth           #.........   100%        5    ######.
 Venom Bolt               Conj/Pois      #.........   100%        5    ######.
 Yara's Violent Unravell  Hex/Tmut       #.........   100%        5    ######.
 Darkness                 Hex            #.........   100%        6    #######
 Blade Hands              Tmut           Unusable     N/A         5    N/A

Dungeon Overview and Level Annotations

Branches:
Dungeon (11/15)            Temple (1/1) D:6            Lair (5/6) D:11
  Swamp (0/4) Lair:4        Snake (0/4) Lair:4          Orc (0/2) D:10
  Slime: Lair:5-6

Altars:
Ashenzari
Cheibriados
Dithmenos
Elyvilon
Fedhas
Gozag
Hepliaklqana
Kikubaaqudgha
Makhleb
Nemelex Xobeh
Okawaru
Qazlal
Ru
Sif Muna
Trog
Uskayaw
Vehumet
Wu Jian
Xom
Yredelemnul
Zin
The Shining One
Beogh
Lugonu

Shops:
D:4 =   D:6 ?   D:7 ?

Annotations:
Lair:4 3 runed translucent doors, shugdite's ghost, journeyman MiFi
Lair:5 exclusion: 3 oklob plants


Innate Abilities, Weirdness & Mutations

Your body is rotting away.
You thrive on raw meat.
You are immune to poison.
You have sharp fingernails.
You are carnivorous and can eat meat at any time.
Your flesh is cold resistant. (rC+)
You are immune to negative energy. (rN+++)
You do not regenerate when monsters are visible.
You are immune to unholy pain and torment.
You can survive without breathing.


Message History

Found three items.
You completely miss the rime drake. The ice encasing you melts away.
The oklob plant spits acid at you. The splash of acid misses you.
The oklob plant spits acid at you. The splash of acid hits you!
The acid corrodes you!
You are splashed with acid!
The oklob plant spits acid at you. The splash of acid hits you.
The acid corrodes you!
You are splashed with acid!
* * * LOW HITPOINT WARNING * * *
The rime drake closely misses you. The rime drake breathes ice at you.
The flash freeze hits you!! You partially resist.
* * * LOW HITPOINT WARNING * * *
You are encased in ice.
The oklob plant spits acid at you. The splash of acid hits you.
* * * LOW HITPOINT WARNING * * *
You are splashed with acid!
You die...

, .......#!)}..#,, ,
.......#)$$?P# .., , , ,
.......#P.$.P#...,,,, ,
, .......#.....#..., ,,
, ,,, .................
,, , , , ,
................., ,, ,
, *,* *#........PP..#* ,
* ** ##...k..†..## ** ,
,.P ##.....@.†...#
..P....###...........##
*
.....................##
,
..........).....†....P#
* *
...................%..#
, ,
......................#
** ,
............%.........#
* ,
.......................#
,
.÷....................##
, ,


You could see 3 oklob plants and a rime drake.

Vanquished Creatures
  Harold (D:8)
  3 hydras
  Erolcha (D:9)
  A two-headed ogre (D:9)
  Sonja (Lair:4)
  Nergalle (D:10)
  An unseen horror (D:11)
  A necromancer (IceCv)
  Pikel (D:4)
  6 lindwurms
  An ugly thing (D:11)
  A cyclops (D:11)
  6 elephants (Lair:5)
  2 toenail golems (Volcano)
  Joseph (D:7)
  3 black mambas
  An ice statue (IceCv)
  4 molten gargoyles (Volcano)
  11 spiny frogs
  Psyche (D:8)
  A gargoyle (D:11)
  10 freezing wraiths (IceCv)
  2 efreet (Volcano)
  2 komodo dragons
  3 rime drakes
  3 trolls
  A wolf spider simulacrum (IceCv)
  18 blink frogs
  6 hippogriffs
  2 bog bodies (Lair:4)
  16 yaks
  3 wyverns
  5 fire elementals (Volcano)
  4 hogs (D:11)
  A human (D:11)
  2 basilisks
  Grum (D:8)
  A death yak simulacrum (IceCv)
  6 nagas (Lair:4)
  11 porcupines
  8 orc warriors
  5 water moccasins
  A sky beast (D:10)
  2 black bears
  A necrophage (D:10)
  10 ice beasts
  4 slaves
  An alligator simulacrum (IceCv)
  4 ogres
  3 wolves (D:8)
  15 centaurs
  A phantom (D:5)
  12 crocodiles
  A big kobold (D:11)
  13 bullfrogs
  2 scorpions
  A water moccasin skeleton (D:11)
  6 killer bees (D:9)
  3 electric eels (D:7)
  3 howler monkeys (D:8)
  24 wights
  A crimson imp (D:5)
  2 centaur zombies
  4 bullfrog zombies
  A quasit (D:9)
  4 draconian simulacra (IceCv)
  8 hounds
  3 bullfrog skeletons
  2 jellies
  3 gnoll shamans (D:6)
  A centaur skeleton (D:4)
  6 orc priests
  2 iguanas (D:7)
  3 orc wizards
  8 worker ants
  7 troll simulacra (IceCv)
  A wolf simulacrum (IceCv)
  2 centaur simulacra (IceCv)
  A hound skeleton (D:4)
  20 gnolls (D:6)
  A worker ant zombie (D:7)
  4 naga simulacra (IceCv)
  11 adders
  3 ogre simulacra (IceCv)
  5 shadow imps
  12 white imps (IceCv)
  4 worms
  3 dart slugs
  11 leopard geckos
  45 orcs
  10 giant cockroaches
  3 goblins
  5 hobgoblins
  23 jackals
  10 kobolds
  4 quokkas
  2 ball pythons
  14 bats
  5 frilled lizards
  A leopard gecko zombie (D:5)
  A quokka skeleton (D:7)
  A quokka zombie (D:7)
  10 rats
533 creatures vanquished.

Vanquished Creatures (collateral kills)
  A water moccasin (D:7)
  A gnoll shaman (D:6)
  15 gnolls (D:6)
17 creatures vanquished.

Vanquished Creatures (others)
  3 fire vortices (Volcano)
  9 plants
12 creatures vanquished.

Grand Total: 562 creatures vanquished

Notes
Turn   | Place    | Note
-------+----------+-------------------------------------------
     0 | D:1      | Borgoz the Ghoul Gladiator began the quest for the Orb.
     0 | D:1      | Reached XP level 1. HP: 17/17 MP: 0/0
   214 | D:1      | Reached XP level 2. HP: 14/24 MP: 1/1
   634 | D:1      | Reached XP level 3. HP: 30/30 MP: 2/2
  1074 | D:2      | Reached skill level 1 in Armour
  1126 | D:2      | Reached skill level 1 in Stealth
  1499 | D:3      | Reached XP level 4. HP: 35/37 MP: 3/3
  1509 | D:3      | Found a shattered altar of Ashenzari.
  1509 | D:3      | Found a radiant altar of Vehumet.
  1509 | D:3      | Found a shadowy altar of Dithmenos.
  1525 | D:3      | Became a worshipper of Ashenzari the Shackled
  1569 | D:3      | Found a glowing drain.
  1595 | Sewer    | Entered a sewer
  1640 | Sewer    | Noticed a crocodile
  1650 | Sewer    | Killed a crocodile
  1650 | Sewer    | Reached XP level 5. HP: 45/45 MP: 4/4
  2332 | D:3      | Reached XP level 6. HP: 51/51 MP: 5/5
  2435 | D:3      | Found a sacrificial altar of Ru.
  2641 | D:4      | Found Kiynweug's Jewellery Shoppe.
  2778 | D:4      | Noticed a hippogriff
  2798 | D:4      | Killed a hippogriff
  2798 | D:4      | Reached XP level 7. HP: 6/57 MP: 6/6
  2979 | D:4      | Found a bloodstained altar of Trog.
  3250 | D:4      | Reached * piety under Ashenzari
  3318 | D:5      | Entered Level 5 of the Dungeon
  3657 | D:5      | Noticed Pikel
  3914 | D:4      | Reached XP level 8. HP: 28/66 MP: 7/7
  4300 | D:4      | Killed Pikel
  4300 | D:4      | Reached skill level 5 in Short Blades
  4300 | D:4      | Reached skill level 5 in Dodging
  4617 | D:5      | Found a glowing silver altar of Zin.
  4738 | D:6      | Found Izee's Magic Scroll Shoppe.
  4750 | D:6      | Bought 2 scrolls of identify for 60 gold pieces
  4974 | D:6      | Reached XP level 9. HP: 73/73 MP: 8/8
  5051 | D:6      | Found a staircase to the Ecumenical Temple.
  5064 | D:6      | Reached skill level 5 in Armour
  5075 | Temple   | Entered the Ecumenical Temple
  5440 | D:6      | Reached skill level 5 in Fighting
  5469 | D:6      | Found a sparkling altar of Nemelex Xobeh.
  5470 | D:6      | Found an opulent altar of Gozag.
  5623 | D:6      | Found the cursed +14 obsidian axe {chop, +Fly SInv *Curse}
  5942 | D:6      | Reached skill level 1 in Axes
  6170 | D:7      | Reached skill level 5 in Stealth
  6239 | D:7      | Found Ummul's Magic Scroll Shoppe.
  6273 | D:7      | Found a hazy altar of Hepliaklqana.
  6305 | D:7      | Found a transporter.
  6562 | D:7      | Reached ** piety under Ashenzari
  6568 | D:7      | Found a transporter.
  7102 | D:7      | Noticed Joseph
  7110 | D:7      | Killed Joseph
  7364 | D:8      | Reached XP level 10. HP: 83/83 MP: 9/9
  7475 | D:8      | Found a blossoming altar of Fedhas.
  7483 | D:8      | Found an ancient bone altar of Kikubaaqudgha.
  7524 | D:8      | Reached skill level 1 in Evocations
  8015 | D:8      | Noticed Psyche
  8028 | D:8      | Killed Psyche
  8188 | D:8      | Noticed Grum
  8188 | D:8      | Noticed Harold
  8615 | D:8      | Killed Harold
  8618 | D:8      | Killed Grum
  8688 | D:9      | Noticed a two-headed ogre
  8694 | D:9      | Killed a two-headed ogre
  8995 | D:9      | Reached XP level 11. HP: 87/91 MP: 11/11
  9022 | D:9      | Found a white marble altar of Elyvilon.
  9099 | D:9      | Noticed Erolcha
  9107 | D:9      | Killed Erolcha
  9672 | D:10     | Entered Level 10 of the Dungeon
  9719 | D:10     | Found a staircase to the Orcish Mines.
 10083 | D:10     | Found a roughly hewn altar of Beogh.
 10843 | D:11     | Noticed Nergalle
 11147 | D:10     | Killed Nergalle
 11334 | D:11     | Found a staircase to the Lair.
 11408 | D:11     | HP: 1/92 [yak (10)]
 11428 | D:11     | HP: 2/92 [orc priest/divine providence (11)]
 11551 | D:11     | Noticed an unseen horror
 11555 | D:11     | Killed an unseen horror
 11605 | D:11     | Noticed a white ugly thing
 11619 | D:11     | Killed a white ugly thing
 11619 | D:11     | Reached XP level 12. HP: 80/100 MP: 12/14
 11704 | D:11     | Reached *** piety under Ashenzari
 12751 | D:6      | Bought a scroll of teleportation for 45 gold pieces
 12751 | D:6      | Bought a scroll of teleportation for 45 gold pieces
 12751 | D:6      | Bought a scroll of teleportation for 45 gold pieces
 12751 | D:6      | Bought a scroll of teleportation for 45 gold pieces
 12751 | D:6      | Bought a scroll of identify for 30 gold pieces
 12751 | D:6      | Bought a scroll of identify for 30 gold pieces
 12751 | D:6      | Bought a scroll of identify for 30 gold pieces
 12751 | D:6      | Bought a scroll of remove curse for 45 gold pieces
 12751 | D:6      | Bought a scroll of enchant armour for 112 gold pieces
 12788 | D:7      | Bought a scroll of remove curse for 42 gold pieces
 12788 | D:7      | Bought a scroll of identify for 28 gold pieces
 12788 | D:7      | Bought a scroll of identify for 28 gold pieces
 12788 | D:7      | Bought a scroll of identify for 28 gold pieces
 12788 | D:7      | Bought 2 scrolls of identify for 56 gold pieces
 12788 | D:7      | Bought a scroll of summoning for 133 gold pieces
 12788 | D:7      | Bought a scroll of identify for 28 gold pieces
 12911 | Lair:1   | Entered Level 1 of the Lair of Beasts
 13378 | Lair:1   | Noticed a six-headed hydra
 13388 | Lair:1   | Killed a six-headed hydra
 14147 | Lair:2   | Reached **** piety under Ashenzari
 14661 | Lair:2   | Reached skill level 5 in Evocations
 14673 | Lair:2   | Reached skill level 10 in Dodging
 14971 | Lair:3   | Reached XP level 13. HP: 92/108 MP: 15/15
 15034 | Lair:3   | Found a dark tunnel.
 15076 | Volcano  | Entered a volcano
 16009 | Volcano  | Reached skill level 10 in Short Blades
 16343 | Volcano  | Reached skill level 10 in Armour
 17516 | Lair:3   | Identified the Compendium of the Nine Queens
 18032 | Lair:4   | Found a staircase to the Snake Pit.
 18091 | Lair:4   | Found a runed translucent gate.
 18095 | Lair:4   | Found a runed translucent gate.
 18096 | Lair:4   | Found a runed translucent gate.
 18108 | Lair:4   | Noticed a minotaur
 18108 | Lair:4   | Noticed shugdite's ghost (journeyman MiFi)
 18152 | Lair:4   | Noticed Sonja
 18166 | Lair:4   | Found a staircase to the Swamp.
 18205 | Lair:4   | Killed Sonja
 18848 | Lair:5   | Found a frozen archway.
 18853 | IceCv    | Entered an ice cave
 18990 | IceCv    | Reached XP level 14. HP: 113/118 MP: 16/16
 20032 | IceCv    | Learned a level 6 spell: Invisibility
 20064 | IceCv    | Found an ancient bone altar of Kikubaaqudgha.
 20079 | IceCv    | Reached skill level 10 in Stealth
 21260 | Lair:5   | Reached skill level 1 in Spellcasting
 21312 | Lair:5   | Reached skill level 1 in Hexes
 21403 | Lair:5   | HP: 5/119 [oklob plant/splash of acid (3)]
 21403 | Lair:5   | Splashed by an oklob plant's acid

Skill      XL: |  1  2  3  4  5  6  7  8  9 10 11 12 13 14 |
---------------+-------------------------------------------+-----
Short Blades   | 3 4 5 6 7 8 9 10 11 | 11.1
Armour         | 1 2 3 4 6 7 8 9 10 11 | 11.0
Dodging        | 3 4 5 6 7 9 10 11 | 11.4
Stealth        | 1 2 3 4 5 6 7 8 9 10 | 10.1
Fighting       | 3 4 5 6 7 8 9 |  9.7
Axes           | 1 |  1.6
Evocations     | 2 4 5 |  5.0
Spellcasting   | 1 |  1.1
Hexes          | 1 |  1.0
Throwing       | |  1.7

Action                   |  1- 3 |  4- 6 |  7- 9 | 10-12 | 13-15 || total
-------------------------+-------+-------+-------+-------+-------++-------
Melee: Rapier            |    52 |       |       |       |   204 ||   256
       Dagger            |    43 |   155 |   225 |   952 |   530 ||  1905
       Broad axe         |       |       |    66 |       |       ||    66
Throw: Throwing net      |       |     3 |     2 |    17 |     5 ||    27
       Tomahawk          |       |       |       |     2 |       ||     2
Invok: Curse Item        |       |     1 |       |       |       ||     1
Evoke: Wand              |       |       |       |     7 |    27 ||    34
  Use: Potion            |       |     4 |       |    15 |    15 ||    34
       Scroll            |       |    10 |     6 |     9 |     6 ||    31
 Stab: Sleeping          |     1 |     1 |     5 |    13 |     2 ||    22
       Held in net/web   |       |     2 |       |    12 |     3 ||    17
       Paralysed         |       |     1 |       |     4 |     4 ||     9
  Eat: Chunk             |     2 |     6 |    27 |    79 |    32 ||   146
       Ration            |       |       |       |       |     2 ||     2
Armor: Leather armour    |    33 |    62 |    57 |       |       ||   152
       Ring mail         |       |       |       |   240 |    32 ||   272
       Chain mail        |       |       |       |       |   230 ||   230
Dodge: Dodged            |    64 |    97 |   175 |   591 |   416 ||  1343
